 Dungeon Sprint DCSS version 0.17.2-1-ge4368a0 (webtiles) character file.

21732 hexophile the Severer (level 13, -12/119 HPs)
             Began as a Formicid Fighter on Oct 15, 2016.
             Was a Priest of Ru.
             Killed by the raging water
             ... invoked by a water nymph
              (39 damage)
             ... in the Dungeon (Sprint V: "Ziggurat Sprint").
             The game lasted 00:05:54 (1624 turns).

hexophile the Severer (Formicid Fighter)            Turns: 1624, Time: 00:05:54

Health: -12/119    AC: 22    Str: 33    XL:     13   Next: 22%
Magic:  27/27      EV:  2    Int: 12    God:    Ru [***...]
Gold:   0          SH: 34    Dex: 10    Spells: 0 memorised, 12 levels left

rFire  + + +     SeeInvis +     J - +14 obsidian axe {chop, +Fly Str+3 SInv *Curse} (curse)
rCold  + . .     Clarity  +     E - +5 gold dragon armour {rC+ rF+ rPois}
rNeg   + + .     SustAt   .     I - +18 shield of the gong {rElec rN+ MR+ EV-5}
rPois  +         Gourm    .     (helmet unavailable)
rElec  +         Spirit   .     j - +1 cloak {MR+} {MR+}
rCorr  .         Warding  .     (no gloves)
rMut   .         Stasis   +     (no boots)
MR     +++++                    a - amulet of the Four Winds {Clar rN+ MR+++}
Stlth  ..........               k - ring "Koluf" {rPois rF+++ MP+9}
                                y - +6 ring of strength

@: mesmerised, almost entirely resistant to hostile enchantments, extremely
unstealthy
A: permanent stasis, dig shafts and tunnels, four strong arms, antennae 3,
clever 1, deformed body, deterioration 1, low mp 1, no earth magic, no summoning
magic, no transmutations magic, inexperienced 1, missing an eye
a: Dig, Draw Out Power, Renounce Religion, Evoke Flight


You were in the Dungeon.
You worshipped Ru.
Ru was most pleased with you.
You were not hungry.

You visited 1 branch


Innate Abilities, Weirdness & Mutations

You are under a permanent stasis effect.
You can dig through walls and to a lower floor.
Your four strong arms can wield two-handed weapons with a shield.
You have a pair of large antennae on your head (SInv).
You cannot study or cast Earth magic.
You cannot study or cast Summoning magic.
You cannot study or cast Transmutations magic.
You are somewhat inexperienced (-2 XL).
You are missing an eye, making it more difficult to aim.
Your mind is acute. (Int +2)
Armour fits poorly on your strangely shaped body.
Your body sometimes deteriorates upon taking damage.
Your magical capacity is low (-10% MP).

Inventory:

Hand Weapons
 G - a +1 broad axe of chopping
 J - the cursed +14 obsidian axe (weapon) {chop, +Fly Str+3 SInv *Curse}
   (You found it in the Dungeon)

   It inflicts extra damage upon your enemies.
   It affects your strength (+3).
   It lets you see invisible.
   It lets you fly.
   It may re-curse itself when equipped.
   It has a curse placed upon it.
Missiles
 F - a throwing net (quivered) {+f}
Armour
 j - a +1 cloak of magic resistance (worn) {MR+}
 E - a +5 gold dragon armour (worn) {rC+ rF+ rPois}
 I - the +18 shield of the gong (worn) {rElec rN+ MR+ EV-5}
   (You found it in the Dungeon)

   It affects your evasion (-5).
   It insulates you from electricity.
   It protects you from negative energy.
   It affects your resistance to hostile enchantments.
Jewellery
 a - the amulet of the Four Winds (around neck) {Clar rN+ MR+++}
   (You found it in the Dungeon)

   [amulet of clarity]

   It provides mental clarity.
   It protects you from negative energy.
   It affects your resistance to hostile enchantments.
 k - the ring "Koluf" (right hand) {rPois rF+++ MP+9}
   (You found it in the Dungeon)

   [ring of poison resistance]

   It renders you almost immune to fire.
   It protects you from poison.
   It affects your magic capacity (+9).
 y - a +6 ring of strength (left hand)
 z - a +6 ring of strength
Wands
 c - a wand of disintegration (7)
 A - a wand of fire (5)
 B - a wand of cold (5)
 C - a wand of draining (5)
Scrolls
 n - a scroll of fear
 p - 4 scrolls of recharging
 q - 6 scrolls of fog
 s - a scroll of holy word
 t - 4 scrolls of identify
 u - 5 scrolls of remove curse
Potions
 d - 5 potions of might {Str+5 DMG+1d10}
 e - 2 potions of brilliance {Archmagi Int+5 Wiz++}
 f - 10 potions of curing
 g - 7 potions of heal wounds
 i - 7 potions of magic
 l - 2 potions of invisibility
 m - 4 potions of resistance {rF+ rC+ rPois rElec rCorr}
 o - 5 potions of agility {Stlth+ Dex+5 EV+5}
Miscellaneous
 h - a lamp of fire
 v - a disc of storms
 D - a box of beasts
Comestibles
 r - 4 bread rations
 w - 42 fruits
 x - 4 meat rations


You had 12 spell levels left.
You didn't know any spells.


   Skills:
 + Level 16.9 Fighting
 * Level 20.9 Axes
 + Level 15.9 Armour
 + Level 17.2 Shields
 + Level 10.3 Evocations

Dungeon Overview and Level Annotations

Branches:
Dungeon (1/1)

Altars:
Ashenzari
Cheibriados
Dithmenos
Elyvilon
Fedhas
Gozag
Kikubaaqudgha
Makhleb
Nemelex Xobeh
Okawaru
Qazlal
Ru
Sif Muna
Trog
Vehumet
Xom
Yredelemnul
Zin
The Shining One
Beogh
Jiyva
Lugonu

Annotations:
D ya retard

Vault maps used:
D:        sprint_v
You       could see an alligator snapping turtle (fleeing), a snapping turtle
          (fleeing), a water nymph and a manticore.


Message History

GONNNNG!
You lost 16 HP.
You have now: 64/119 HP.
Your unstable footing causes you to fumble your attack.
You block the snapping turtle's attack.
PTOANNNG!
You block the water nymph's attack.
PTOANNNG!
You block the alligator snapping turtle's attack.
SHROANNG!
Your unstable footing causes you to fumble your attack.
You block the snapping turtle's attack.
GONNNNG!
The water nymph points at you and mumbles some strange words.
The water swirls and strikes you!
* * * LOW HITPOINT WARNING * * *
You lost 18 HP.
You have now: 46/119 HP.
You closely miss the water nymph.
You block the alligator snapping turtle's attack.
GONNNNG!
A merfolk javelineer comes into view.
It is wielding a +3 double sword of holy wrath.
Your unstable footing causes you to fumble your attack.
You block the snapping turtle's attack.
PTOANNNG!
You block the water nymph's attack.
PANG!
Unknown command.
Your unstable footing causes you to fumble your attack.
You block the alligator snapping turtle's attack.
GONNNNG!
You block the snapping turtle's attack.
GONNNNG!
The water nymph casts a spell at you. The water swirls and strikes you!
* * * LOW HITPOINT WARNING * * *
You hear a shout!
You lost 20 HP.
You have now: 26/119 HP.
Unknown command.
Read which item? (? for menu, Esc to quit)
As you read the scroll of fear, it crumbles to dust.
You assume a fearsome visage.
The water nymph resists with almost no effort.
The snapping turtle looks frightened!
The alligator snapping turtle looks frightened!
The merfolk aquamancer looks frightened!
The merfolk aquamancer cries, "Mercy!"
The merfolk aquamancer gestures wildly while chanting.
The merfolk aquamancer blinks!
The water nymph casts a spell at you. The water swirls and strikes you!
You die...

Action                   |  1- 3 |  4- 6 |  7- 9 | 10-12 | 13-15 || total
-------------------------+-------+-------+-------+-------+-------++-------
Melee: Broad axe         |     3 |    12 |     5 |   119 |     8 ||   147
Invok: Sacrifice Experie |       |       |       |     1 |       ||     1
       Sacrifice Arcana  |       |       |       |     1 |       ||     1
       Sacrifice an Eye  |       |       |       |     1 |       ||     1
  Use: Potion            |     1 |     1 |       |     3 |       ||     5
       Scroll            |       |       |       |     5 |     1 ||     6
 Stab: Distracted        |       |       |       |     2 |       ||     2
  Eat: Bread ration      |       |       |       |     1 |       ||     1

Notes
Turn   | Place    | Note
--------------------------------------------------------------
     0 | D        | hexophile the Formicid Fighter began the quest for the Orb.
     0 | D        | Reached XP level 1. HP: 18/18 MP: 1/1
     0 | D        | Found a roughly hewn altar of Beogh.
     0 | D        | Found a viscous altar of Jiyva.
     0 | D        | Found a corrupted altar of Lugonu.
     0 | D        | Found a white marble altar of Elyvilon.
     0 | D        | Found a sparkling altar of Nemelex Xobeh.
     1 | D        | Found a burning altar of Makhleb.
     1 | D        | Found an iron altar of Okawaru.
     1 | D        | Found a deep blue altar of Sif Muna.
     1 | D        | Found a radiant altar of Vehumet.
     1 | D        | Found a bloodstained altar of Trog.
     1 | D        | Found a shimmering altar of Xom.
     8 | D        | Reached skill level 5 in Fighting
     8 | D        | Reached skill level 6 in Axes
     8 | D        | Reached XP level 2. HP: 22/28 MP: 2/2
    80 | D        | Became a worshipper of Ru the Awakened
    96 | D        | Entered arena 1.
    96 | D        | Noticed a necrophage
   100 | D        | Killed a necrophage
   100 | D        | Reached skill level 7 in Fighting
   100 | D        | Reached skill level 8 in Axes
   100 | D        | Reached XP level 3. HP: 32/36 MP: 3/3
   100 | D        | Reached XP level 4. HP: 38/43 MP: 4/4
   100 | D        | Reached XP level 5. HP: 42/48 MP: 5/5
   107 | D        | Entered arena 2.
   107 | D        | Noticed a quasit
   107 | D        | Noticed a small abomination
   107 | D        | Noticed a crimson imp
   110 | D        | Killed a crimson imp
   110 | D        | Reached skill level 9 in Axes
   110 | D        | Reached skill level 4 in Shields
   112 | D        | Killed a quasit
   112 | D        | Reached skill level 4 in Armour
   118 | D        | Killed a small abomination
   118 | D        | Reached skill level 8 in Fighting
   118 | D        | Reached skill level 10 in Axes
   118 | D        | Reached skill level 5 in Armour
   118 | D        | Reached skill level 6 in Shields
   118 | D        | Reached XP level 6. HP: 35/57 MP: 6/6
   230 | D        | Entered arena 3.
   230 | D        | Noticed a sphinx
   230 | D        | Noticed an unseen horror
   230 | D        | Noticed an ironheart preserver
   230 | D        | Noticed a brown ugly thing
   234 | D        | Killed an unseen horror
   234 | D        | Reached skill level 9 in Fighting
   234 | D        | Reached skill level 11 in Axes
   234 | D        | Reached skill level 7 in Armour
   234 | D        | Reached skill level 8 in Shields
   234 | D        | Reached XP level 7. HP: 61/65 MP: 7/7
   234 | D        | Reached XP level 8. HP: 67/72 MP: 8/8
   237 | D        | Killed a brown ugly thing
   237 | D        | Reached skill level 10 in Fighting
   237 | D        | Reached skill level 12 in Axes
   237 | D        | Reached skill level 8 in Armour
   237 | D        | Killed an ironheart preserver
   237 | D        | Reached skill level 11 in Fighting
   237 | D        | Reached skill level 13 in Axes
   237 | D        | Reached skill level 9 in Armour
   237 | D        | Reached skill level 10 in Shields
   237 | D        | Reached XP level 9. HP: 60/81 MP: 9/9
   239 | D        | Killed a sphinx
   239 | D        | Reached skill level 12 in Fighting
   239 | D        | Reached skill level 14 in Axes
   239 | D        | Reached skill level 10 in Armour
   239 | D        | Reached skill level 11 in Shields
   239 | D        | Reached XP level 10. HP: 66/89 MP: 10/10
   335 | D        | Entered arena 4.
   335 | D        | Noticed a water moccasin
   335 | D        | Noticed a water moccasin
   338 | D        | Killed a water moccasin
   338 | D        | Reached skill level 15 in Axes
   339 | D        | Killed a water moccasin
   345 | D        | Entered arena 5.
   345 | D        | Noticed a water moccasin
   345 | D        | Noticed a naga
   347 | D        | Killed a water moccasin
   353 | D        | Killed a naga
   353 | D        | Reached skill level 11 in Armour
   357 | D        | Got the ring "Ubloh" {Wiz rN+ Int+5}
   361 | D        | Entered arena 6.
   361 | D        | Noticed a cyclops
   361 | D        | Noticed a cyclops
   361 | D        | Noticed a hippogriff
   361 | D        | Noticed a centaur
   361 | D        | Noticed a hippogriff
   366 | D        | Killed a hippogriff
   366 | D        | Reached skill level 12 in Shields
   368 | D        | Killed a centaur
   371 | D        | Killed a cyclops
   372 | D        | Killed a cyclops
   374 | D        | Killed a hippogriff
   385 | D        | Entered arena 7.
   385 | D        | Noticed a naga
   385 | D        | Noticed a naga mage
   393 | D        | Killed a naga
   395 | D        | Killed a naga mage
   395 | D        | Reached skill level 13 in Fighting
   395 | D        | Reached skill level 16 in Axes
   401 | D        | Got the ring of Xom's Esteem {+Blink +Fly rF+ Str-2 Int+3}
   404 | D        | Entered arena 8.
   404 | D        | Noticed a neqoxec
   404 | D        | Noticed a brown ugly thing
   404 | D        | Noticed a purple ugly thing
   404 | D        | Noticed an unseen horror
   404 | D        | Noticed a neqoxec
   404 | D        | Noticed a cyan ugly thing
   404 | D        | Noticed a neqoxec
   405 | D        | an unseen horror changed into a spriggan
   408 | D        | Killed a cyan ugly thing
   408 | D        | Reached XP level 11. HP: 84/98 MP: 11/11
   411 | D        | Gained mutation: Your magical capacity is low (-10% MP). [a neqoxec]
   414 | D        | Killed a brown ugly thing
   414 | D        | Reached skill level 12 in Armour
   414 | D        | Killed a neqoxec
   414 | D        | Reached skill level 13 in Shields
   415 | D        | Killed a brown ugly thing
   416 | D        | Killed a neqoxec
   418 | D        | Killed a neqoxec
   487 | D        | Entered arena 9.
   487 | D        | Noticed a neqoxec
   487 | D        | Noticed a red ugly thing
   487 | D        | Noticed a jumping spider
   487 | D        | Noticed a green ugly thing
   487 | D        | Noticed a shining eye
   487 | D        | Noticed a basilisk
   487 | D        | Noticed a jumping spider
   487 | D        | Noticed a neqoxec
   489 | D        | Gained mutation: Your mind is acute. (Int +2) [a shining eye]
   490 | D        | Gained mutation: Armour fits poorly on your strangely shaped body. [a shining eye]
   492 | D        | Killed a jumping spider
   495 | D        | Killed a basilisk
   495 | D        | Killed a red ugly thing
   495 | D        | Gained mutation: Your body sometimes deteriorates upon taking damage. [a neqoxec]
   496 | D        | Killed a neqoxec
   499 | D        | Killed a neqoxec
   499 | D        | Reached skill level 17 in Axes
   499 | D        | Killed a red ugly thing
   501 | D        | Killed a shining eye
   501 | D        | Reached skill level 14 in Fighting
   502 | D        | Killed a jumping spider
   521 | D        | Entered arena 10.
   521 | D        | Noticed a hippogriff
   521 | D        | Noticed a centaur
   521 | D        | Noticed a merfolk
   521 | D        | Noticed a hippogriff
   521 | D        | Noticed a merfolk
   521 | D        | Noticed a merfolk
   521 | D        | Noticed a hippogriff
   525 | D        | Killed a hippogriff
   526 | D        | Killed a hippogriff
   527 | D        | Killed a hippogriff
   527 | D        | Killed a centaur
   530 | D        | Killed a merfolk
   531 | D        | Reached skill level 14 in Shields
   532 | D        | Killed a merfolk
   532 | D        | Reached skill level 13 in Armour
   532 | D        | Killed a merfolk
   546 | D        | Got the ring "Koluf" {rPois rF+++ MP+9}
   605 | D        | Entered arena 11.
   605 | D        | Noticed a mummy priest
   605 | D        | Noticed a guardian mummy
   605 | D        | Noticed a flying skull
   605 | D        | Noticed a mummy priest
   606 | D        | Noticed a guardian mummy
   606 | D        | Noticed a flying skull
   606 | D        | Noticed a flying skull
   608 | D        | Killed a flying skull
   613 | D        | Killed a mummy priest
   613 | D        | Reached skill level 2 in Evocations
   613 | D        | Killed a flying skull
   613 | D        | Reached XP level 12. HP: 80/105 MP: 12/12
   614 | D        | Killed a flying skull
   614 | D        | Killed a mummy priest
   614 | D        | Reached skill level 18 in Axes
   614 | D        | Reached skill level 3 in Evocations
   617 | D        | Killed a guardian mummy
   618 | D        | Killed a guardian mummy
   896 | D        | Gained mutation: You are somewhat inexperienced (-2 XL). [Ru sacrifice]
   896 | D        | Reached XP level 11. HP: 95/96 MP: 21/21
   896 | D        | Reached XP level 10. HP: 90/90 MP: 20/20
   896 | D        | Reached * piety under Ru
   942 | D        | Entered arena 12.
   942 | D        | Noticed a deep elf blademaster
   942 | D        | Noticed a deep elf high priest
   942 | D        | Noticed a deep elf high priest
   942 | D        | Noticed a deep elf master archer
   942 | D        | Noticed a deep elf summoner
   942 | D        | Noticed a deep elf conjurer
   942 | D        | Noticed a deep elf priest
   943 | D        | Noticed a deep elf knight
   943 | D        | Noticed a deep elf knight
   943 | D        | Noticed a deep elf conjurer
   943 | D        | Noticed a deep elf mage
   949 | D        | Killed a deep elf high priest
   949 | D        | Reached skill level 4 in Evocations
   952 | D        | Killed a deep elf summoner
   954 | D        | Killed a deep elf blademaster
   954 | D        | Reached skill level 15 in Fighting
   954 | D        | Reached skill level 14 in Armour
   954 | D        | Reached skill level 15 in Shields
   954 | D        | Reached skill level 5 in Evocations
   954 | D        | Reached XP level 11. HP: 21/97 MP: 13/13
   958 | D        | Killed a deep elf knight
   959 | D        | Killed a deep elf conjurer
   959 | D        | Reached skill level 6 in Evocations
   959 | D        | Killed a deep elf high priest
   959 | D        | Reached skill level 19 in Axes
   961 | D        | Killed a deep elf master archer
   961 | D        | Reached skill level 7 in Evocations
   961 | D        | Killed a deep elf conjurer
   961 | D        | Killed a deep elf knight
   962 | D        | Killed a deep elf mage
   964 | D        | Noticed a large abomination
   965 | D        | Reached XP level 12. HP: 22/111 MP: 15/15
   965 | D        | Killed a deep elf priest
   972 | D        | Killed a large abomination
   972 | D        | Reached skill level 16 in Fighting
   972 | D        | Reached skill level 16 in Shields
   972 | D        | Reached skill level 8 in Evocations
  1269 | D        | Entered arena 13.
  1270 | D        | Noticed a soul eater
  1270 | D        | Noticed a ghoul
  1270 | D        | Noticed a soul eater
  1271 | D        | Noticed a soul eater
  1271 | D        | Noticed a shadow dragon
  1278 | D        | Killed a soul eater
  1278 | D        | Reached skill level 15 in Armour
  1284 | D        | Killed a soul eater
  1284 | D        | Killed a ghoul
  1284 | D        | Reached skill level 20 in Axes
  1288 | D        | Killed a shadow dragon
  1288 | D        | Reached skill level 9 in Evocations
  1289 | D        | Killed a soul eater
  1295 | D        | Gained mutation: You are missing an eye, making it more difficult to aim. [Ru sacrifice]
  1295 | D        | Reached ** piety under Ru
  1297 | D        | Got the ring of Xahis {rN+ MP+9 Dex+4 Stlth+}
  1305 | D        | Entered arena 14.
  1305 | D        | Noticed a hell hound
  1306 | D        | Noticed a necrophage
  1306 | D        | Noticed a hell knight
  1307 | D        | Noticed a hellion
  1307 | D        | Noticed a vampire
  1307 | D        | Noticed a hell knight
  1308 | D        | Noticed a flying skull
  1309 | D        | Noticed a wight
  1309 | D        | Noticed a hellion
  1312 | D        | Killed a hell hound
  1313 | D        | Killed a hellion
  1314 | D        | Killed a necrophage
  1314 | D        | Killed a flying skull
  1316 | D        | Killed a vampire
  1318 | D        | Killed a hell knight
  1321 | D        | Killed a hellion
  1322 | D        | Killed a hell knight
  1324 | D        | Killed a wight
  1336 | D        | Gained mutation: You cannot study or cast Earth magic. [Ru sacrifice]
  1336 | D        | Gained mutation: You cannot study or cast Transmutations magic. [Ru sacrifice]
  1336 | D        | Gained mutation: You cannot study or cast Summoning magic. [Ru sacrifice]
  1336 | D        | Reached *** piety under Ru
  1487 | D        | Entered arena 15.
  1593 | D        | Noticed a sea snake
  1593 | D        | Noticed a harpy
  1593 | D        | Noticed a harpy
  1593 | D        | Noticed an alligator snapping turtle
  1593 | D        | Noticed a merfolk aquamancer
  1594 | D        | Noticed a merfolk aquamancer
  1594 | D        | Noticed a sea snake
  1594 | D        | Noticed a water nymph
  1594 | D        | Noticed a merfolk javelineer
  1598 | D        | Killed a harpy
  1598 | D        | Reached XP level 13. HP: 113/119 MP: 18/18
  1602 | D        | Killed a harpy
  1602 | D        | Reached skill level 17 in Shields
  1606 | D        | Killed a sea snake
  1606 | D        | Reached skill level 10 in Evocations
  1607 | D        | Noticed a sea snake
  1607 | D        | Killed a sea snake
  1609 | D        | Noticed a snapping turtle
  1611 | D        | Killed a sea snake
  1614 | D        | Killed a merfolk javelineer
  1617 | D        | Noticed a manticore
  1622 | D        | Noticed a merfolk javelineer
  1624 | D        | Killed from afar by a water nymph

Table legend:
 A = Turns spent in this place as a percentage of turns spent in the entire game.
 B = Non-inter-level travel turns spent in this place as a percentage of non-inter-level travel turns spent in the entire game.
 C = Inter-level travel turns spent in this place as a percentage of turns spent in this place.
 D = Turns resting spent in this place as a percentage of non-inter-level travel turns spent in this place.
 E = Turns spent auto-exploring this place as a percentage of non-inter-level travel turns spent in this place.
 F = Non-inter-level travel turns spent in this place divided by the number of levels of this place that you've seen.
                   A       B       C       D       E      F
               +-------+-------+-------+-------+-------+----------------------
         Total | 100.0 | 100.0 |   0.0 |   5.7 |   0.0 | 701.0
       Dungeon | 100.0 | 100.0 |   0.0 |   5.7 |   0.0 | 701.0
               +-------+-------+-------+-------+-------+----------------------

Table legend:
 A = Kills in this place as a percentage of kills in entire the game.
 B = Kills by you in this place as a percentage of kills by you in the entire game.
 C = Kills by friends in this place as a percentage of kills by friends in the entire game.
 D = Other kills in this place as a percentage of other kills in the entire game.
 E = Experience gained in this place as a percentage of experience gained in the entire game.
 F = Experience gained in this place divided by the number of levels of this place that you have seen.
                   A       B       C       D       E      F
               +-------+-------+-------+-------+-------+----------------------
         Total | 100.0 | 100.0 | 100.0 |  -nan | 100.0 | 44008.0
       Dungeon | 100.0 | 100.0 | 100.0 |  -nan | 100.0 | 44008.0
               +-------+-------+-------+-------+-------+----------------------

Vanquished Creatures
  A deep elf blademaster (D)
  A deep elf master archer (D)
  A sphinx (D)
  A shadow dragon (D)
  A large abomination (D)
  A ghoul (D)
  A mummy priest (D)
  A merfolk javelineer (D)
  2 deep elf high priests (D)
  2 hell knights (D)
  A deep elf knight (D)
  3 soul eaters (D)
  3 sea snakes (D)
  2 harpies (D)
  A deep elf summoner (D)
  An unseen horror (D)
  2 deep elf conjurers (D)
  A shining eye (D)
  5 ugly things (D)
  A cyclops (D)
  A naga mage (D)
  2 hellions (D)
  2 guardian mummies (D)
  3 merfolk (D)
  A small abomination (D)
  4 flying skulls (D)
  A spriggan (shapeshifter) (D)
  A basilisk (shapeshifter) (D)
  A vampire (D)
  5 neqoxecs (D)
  2 nagas (D)
  5 hippogriffs (D)
  3 water moccasins (D)
  A hell hound (D)
  2 necrophages (D)
  A centaur (D)
  A wight (D)
  A quasit (D)
  A crimson imp (D)
  3 sheep (D)
  3 mummies (D)
  6 adders (D)
  2 spectral adders (D)
  An adder zombie (D)
  An adder skeleton (D)
  A spectral bat (D)
  A bat skeleton (D)
  A bat zombie (D)
  3 ball pythons (D)
  A ball python skeleton (D)
  A giant cockroach zombie (D)
  A giant gecko zombie (D)
  A jackal zombie (D)
  A spectral giant gecko (D)
  A crawling corpse (D)
98 creatures vanquished.

Vanquished Creatures (collateral kills)
  An ironheart preserver (D)
  A mummy priest (D)
  A small abomination (D)
  A deep elf knight (D)
  An ugly thing (D)
  A cyclops (D)
  A deep elf priest (D)
  2 jumping spiders (shapeshifter) (D)
  A deep elf mage (D)
  A centaur (D)
  A crawling corpse (D)
12 creatures vanquished.

Grand Total: 110 creatures vanquished
